 Dungeon Crawl Stone Soup version 0.29-a0-43-g62a80824bf (webtiles) character file.

Game seed: 9294701063639367325

202495 testman the Malleable (level 17, 0/250 HPs)
             Began as a Green Draconian Transmuter on Feb 1, 2022.
             Was the Champion of Elyvilon.
             Slain by Jorgrun (9 damage)
             ... on level 3 of the Snake Pit on Feb 2, 2022.
             The game lasted 05:17:28 (35451 turns).

testman the Malleable (Green Draconian Transmuter) Turns: 35451, Time: 05:17:29

Health: 0/250      AC: 19    Str: 25    XL:     17   Next: 94%
Magic:  0/45       EV:  6    Int: 19    God:    Elyvilon [******]
Gold:   1395       SH:  0    Dex: 13    Spells: 1/32 levels left

rFire   . . .      SeeInvis .     - Unarmed
rCold   + . .      Faith    .   (shield currently unavailable)
rNeg    + . .      Spirit   +   (armour unavailable)
rPois   +          Reflect  .   (helmet currently unavailable)
rElec   +          Harm     .   (cloak currently unavailable)
rCorr   +          Rampage  .   (gloves currently unavailable)
Will    +....                   (boots currently unavailable)
Stlth   +.........              I - amulet of Hawnomech {Spirit rElec rN+}
HPRegen 0.51/turn               c - ring of Dithmenos's Generosity {MP+9 Dex+3}
MPRegen 0.29/turn               T - ring "Ykhlemod" {rC+ rCorr Dex-2 Slay+5}

@: divinely vigorous, dragon-form, grasped by roots, flying, constricted
A: dragon claw, dragon scales, flying, boosted hp, breathe noxious fumes, AC +9,
giant, unfitting armour, stinger 1, (poison resistance), (cold-blooded), (horns
1), (cold resistance 1), frail 1
}: 1/15 runes: decaying
a: Breathe Noxious Fumes, End Transformation, Renounce Religion, Purification,
Heal Other, Heal Self, Divine Vigour


You were on level 3 of the Snake Pit.
You worshipped Elyvilon.
Elyvilon was exalted by your worship.
You were a fearsome swamp dragon!
You visited 5 branches of the dungeon, and saw 30 of its levels.
You also visited: Ice Cave and Volcano.

You collected 3085 gold pieces.
You spent 1690 gold pieces at shops.

Inventory:

Missiles
 n - 2 throwing nets
 w - 3 silver boomerangs
 L - 6 javelins
Armour
 f - a +2 pair of gloves (melded)
 g - the +2 pair of boots "Hero's Friend" (melded) {rC+ SInv Stlth-}
   (You acquired it on level 5 of the Lair of Beasts)

   rC:        It protects you from cold.
   SInv:      It lets you see invisible.
   Stlth:     It makes you less stealthy.
 z - a +3 buckler (melded)
 A - a +2 cloak (melded)
 H - a +2 hat (melded)
Jewellery
 c - the ring of Dithmenos's Generosity (left foreclaw) {MP+9 Dex+3}
   (You acquired it in an ice cave)

   [ring of magical power]

   Dex:       It affects your dexterity (+3).
   MP:        It affects your magic capacity (+9).
 o - a ring of flight
 r - the ring of Ciol {+Blink rC+ Str-3 Int-4 SInv}
   (You found it in an ice cave)

   [ring of protection from cold]

   Str:       It affects your strength (-3).
   Int:       It affects your intelligence (-4).
   rC:        It protects you from cold.
   SInv:      It lets you see invisible.
   +Blink:    It lets you blink.
 s - an amulet of regeneration
 t - a +4 ring of evasion
 B - a ring of positive energy
 G - a ring of see invisible
 I - the amulet of Hawnomech (around neck) {Spirit rElec rN+}
   (You found it in an ice cave)

   [amulet of guardian spirit]

   It causes incoming damage to be divided between your reserves of health and
   magic.
   rElec:     It insulates you from electricity.
   rN:        It protects you from negative energy.
 T - the ring "Ykhlemod" (right foreclaw) {rC+ rCorr Dex-2 Slay+5}
   (You found it in an ice cave)

   [ring of protection from cold]

   Dex:       It affects your dexterity (-2).
   Slay:      It affects your accuracy & damage with ranged weapons and melee
   (+5).
   rC:        It protects you from cold.
   rCorr:     It protects you from acid and corrosion.
 U - a ring of fire
 W - a ring of protection from fire
Wands
 q - a wand of flame (2)
 v - a wand of iceblast (33)
 C - a wand of paralysis (5)
 K - a wand of mindburst (24)
 N - a wand of charming (5)
 O - a wand of polymorph (21)
 P - a wand of acid (5)
Scrolls
 a - a scroll of blinking
 e - 2 scrolls of magic mapping
 h - a scroll of silence
 i - 7 scrolls of teleportation
 y - 7 scrolls of amnesia
 J - a scroll of enchant armour
 M - 5 scrolls of fog
 V - a scroll of holy word
Potions
 b - 9 potions of curing
 d - 3 potions of berserk rage
 j - 3 potions of resistance
 k - 7 potions of heal wounds
 m - 3 potions of brilliance
 p - 3 potions of invisibility
 x - 2 potions of might
 E - 2 potions of ambrosia
 F - a potion of magic
 S - 3 potions of flight
 X - 3 potions of haste
Miscellaneous
 l - a phial of floods
 u - a phantom mirror
 R - a lightning rod (4/4)
 Y - a box of beasts (inert)
 Z - a piece from Xom's chessboard (15/15)


   Skills:
 - Level 12.3 Fighting
 - Level 5.6 Dodging
 - Level 4.0 Shields
 - Level 11.7 Unarmed Combat
 - Level 8.1 Spellcasting
 + Level 21.5 Transmutations
 - Level 10.6 Earth Magic
 - Level 10.0 Poison Magic
 - Level 10.7 Invocations
 - Level 3.6 Evocations


You had one spell level left.
You knew the following spells:

 Your Spells              Type           Power      Damage    Failure   Level
a - Beastly Appendage     Tmut           100%       N/A       0%          1
b - Wereblood             Tmut           74%        N/A       0%          2
c - Spider Form           Tmut/Pois      61%        N/A       1%          3
d - Olgreb's Toxic Radia  Pois           45%        N/A       1%          4
e - Statue Form           Tmut/Erth      41%        N/A       1%          6
f - Dragon Form           Tmut           37%        N/A       1%          7
g - Lee's Rapid Deconstr  Erth           24%        3d14*     3%          5
h - Ignite Poison         Fire/Tmut/Pois 47%        N/A       1%          3

Your spell library contained the following spells:

 Spells                   Type           Power      Damage    Failure   Level
 Poisonous Vapours        Pois/Air       52%        N/A       1%          2
 Ice Form                 Ice/Tmut       48%        N/A       1%          4
 Blade Hands              Tmut           37%        N/A       1%          5
 Irradiate                Conj/Tmut      24%        3d21      3%          5
 Mephitic Cloud           Conj/Pois/Air  20%        N/A       7%          3
 Leda's Liquefaction      Hex/Erth       13%        N/A       10%         4
 Corpse Rot               Necr/Air       14%        N/A       14%         2
 Call Canine Familiar     Summ           7%         N/A       26%         3
 Portal Projectile        Hex/Tloc       14%        N/A       26%         3
 Freezing Cloud           Conj/Ice/Air   3%         6-21      94%         5
 Ozocubu's Refrigeration  Ice            3%         4d5       100%        7
 Ignition                 Fire           3%         3d4       100%        8
 Shatter                  Erth           24%        3d21*     100%        9


Dungeon Overview and Level Annotations

Branches:
Dungeon (15/15)            Temple (0/1) D:5            Lair (6/6) D:9
  Swamp (4/4) Lair:4        Snake (3/4) Lair:2        Slime (0/5) Lair:6
    Orc (2/2) D:12            Elf (0/3) Orc:2        Vaults (0/5) D:14
 Depths (0/4) D:15          IceCv (visited)         Volcano (visited)

Altars:
Elyvilon
Gozag
Qazlal
Sif Muna
Beogh
Lugonu

Shops:
D:2 (=[   D:12 ?   D:13 *   Orc:1 *   Orc:2 (=:!   Snake:2 ((=

Portals:
Abyss: Lair:1

Annotations:
D:14 3 runed translucent doors
Lair:1 2 transporters, knot's ghost, journeyman DsBe
Snake:2 Nikola
Snake:3 Jorgrun


Innate Abilities, Weirdness & Mutations

You are a fearsome swamp dragon!
You have a powerful clawing attack.
Your giant scaled body is strong and resiliant, but less evasive.
Your breath weapon is enhanced in this form.
You are flying.
Your maximum health is greatly increased.
Your armour is entirely melded.
You are incapable of wielding weapons or throwing items.
You can breathe blasts of noxious fumes.
Your lurid green scales are hard. (AC +9)
You cannot fit into any form of body armour.
Your tail ends in a venomous barb.
((Your system is resistant to poisons. (rPois)))
((You are cold-blooded and may be slowed by cold attacks.))
((You have a pair of small horns on your head.))
((Your flesh is cold resistant. (rC+)))
You are frail. (-10% HP)


Message History

Jorgrun hits you with a +0 vorpal quarterstaff!
* * * LOW HITPOINT WARNING * * *
x2 You are healed.
The naga mage hits you with a +0 flail.
* * * LOW HITPOINT WARNING * * *
Jorgrun hits you with a +0 vorpal quarterstaff!
* * * LOW HITPOINT WARNING * * *
x2 The naga mage hits you with a +0 flail!
* * * LOW HITPOINT WARNING * * *
You barely miss Jorgrun.
Jorgrun is severely wounded.
Jorgrun points at you and mumbles some strange words.
Roots burst forth from the earth!
The grasping roots grab you! The grasping roots constrict you!!
* * * LOW HITPOINT WARNING * * *
Press: ? - help, v - describe, . - travel
Here: Jorgrun, wielding a +0 vorpal quarterstaff and wearing a +0 robe (severely wounded, poisoned)
The floor, spattered with blood.
Okay, then.
Okay, then.
Okay, then.
Okay, then.
Okay, then.
Okay, then.
Elyvilon grants you divine vigour. The naga mage spits poison at you.
The splash of poison hits you but does no damage.
You resist.
Jorgrun hits you with a +0 vorpal quarterstaff!
* * * LOW HITPOINT WARNING * * *
x2 The grasping roots constrict you!
Elyvilon protects you from harm!
Okay, then.
Okay, then.
You open the lid... ...and a juvenile weirdshock beast leaps out!
The box is emptied!
The naga mage hits you with a +0 flail! Elyvilon protects you from harm!
Jorgrun hits you with a +0 vorpal quarterstaff!
You die...

#.....#...'.....##
#.....#...####'##
#.....#....+ .#
#.....##+###
##........##
#''#......#
#...'.N...#
#...'Hg...#
#...#.ND..+
#...##)...#
#...#.....#
#...+.....+
#...+.....+
#...+.....+
#...#.....#
##'''#.....#
#....#.....#


You could see Jorgrun (poisoned, ally target), a naga mage (fast, catching
breath), a naga (curare) and a friendly juvenile weirdshock beast (summoned).

Vanquished Creatures
  Mlioglotl (Swamp:4)
  Rupert (D:13)
  Frances (D:13)
  Kirke (D:13)
  5 thorn hunters
  Roxanne (D:14)
  A fenstrider witch (Swamp:3)
  Donald (Swamp:4)
  A rockslime (IceCv)
  3 azure jellies (IceCv)
  Aizul (Swamp:4)
  4 ghouls
  4 quicksilver oozes (IceCv)
  Nessos (Lair:6)
  An eleionoma (Swamp:2)
  Azrael (D:13)
  2 bunyips
  4 shambling mangroves (Swamp:4)
  The ghost of robertstho the Thaumaturge, a journeyman DjFE of Makhleb (D:12)
  4 naga warriors
  Harold (Orc:1)
  2 fire dragons
  Fannar (D:12)
  15 hydras
  A catoblepas (Lair:2)
  An ogre mage (D:14)
  2 ice dragons
  Erolcha (D:9)
  5 boulder beetles
  A ghost crab (Swamp:1)
  8 alligators
  6 centaur warriors
  2 anacondas
  2 dancing weapons (D:14)
  7 two-headed ogres
  7 death yaks
  6 tengu warriors
  The ghost of jr88keys the Blocker, a novice MiFi of Hepliaklqana (D:7)
  4 naga sharpshooters (Snake:2)
  3 orc high priests (Orc:2)
  2 spriggan berserkers
  Urug (Lair:5)
  2 deep elf knights
  A hell knight (Volcano)
  3 shock serpents
  3 goliath frogs
  A salamander mystic (Volcano)
  A skeletal warrior (D:14)
  7 spriggan druids
  9 swamp dragons
  5 bog bodies
  A wizard (D:15)
  8 orc knights
  2 naga ritualists
  An orange crystal statue (IceCv)
  2 deep elf pyromancers
  A phantasmal warrior (D:12)
  6 orc sorcerers (Orc:2)
  6 mana vipers
  3 cyclopes
  3 will-o-the-wisps
  3 elephants (Lair:5)
  A manticore (D:11)
  10 ugly things
  An ice statue (D:14)
  9 salamanders
  21 black mambas
  4 gargoyles
  A guardian serpent (Snake:3)
  10 cane toads
  7 naga magi
  A molten gargoyle (Volcano)
  A torpor snail (Lair:3)
  12 komodo dragons
  2 efreet
  A freezing wraith (D:14)
  2 tengu conjurers
  4 kobold demonologists
  10 rime drakes
  An entropy weaver simulacrum (IceCv)
  An unseen horror (D:12)
  A yaktaur (D:15)
  A komodo dragon (shapeshifter) (D:15)
  A very ugly thing simulacrum (IceCv)
  7 trolls
  20 hornets
  11 tyrant leeches
  29 slime creatures
  4 dream sheep (Lair:4)
  29 blink frogs
  A centaur simulacrum (D:14)
  A shadow (D:9)
  5 water elementals
  3 wraiths
  17 spriggans
  3 wyverns
  2 fire elementals (D:13)
  54 yaks
  2 fire bats (Volcano)
  5 basilisks
  4 hogs
  8 vampire mosquitoes
  4 steam dragons
  16 nagas
  A swamp worm (shapeshifter) (D:12)
  13 swamp worms
  4 wargs (Orc:2)
  2 acid dragons
  A demonic crawler simulacrum (IceCv)
  17 water moccasins
  5 hell hounds (D:13)
  27 orc warriors
  11 swamp drakes
  3 ice beasts
  2 sky beasts
  8 wolves
  4 necrophages
  A black bear (shapeshifter) (D:13)
  6 centaurs
  An ugly thing simulacrum (IceCv)
  9 ogres
  A phantom (D:6)
  5 kobold brigands
  10 bullfrogs
  A water moccasin zombie (D:5)
  A gnoll sergeant (D:8)
  A wyvern zombie (D:8)
  14 wights
  2 electric eels
  4 howler monkeys
  5 lava snakes (Volcano)
  2 centaur zombies
  8 jellies
  2 centaur skeletons
  2 hounds (D:7)
  3 bullfrog skeletons
  A gnoll shaman (D:4)
  16 orc priests
  3 iguanas
  25 orc wizards
  A killer bee zombie (D:7)
  2 hound skeletons (D:4)
  2 howler monkey zombies
  9 gnolls
  5 adders
  A shadow imp (D:7)
  A white imp (D:8)
  An ufetubus (D:5)
  An adder skeleton (D:4)
  A worm (D:3)
  2 dart slugs
  71 orcs
  5 ball pythons (D:1)
  4 bats
  9 endoplasms
  3 giant cockroaches
  5 goblins
  6 hobgoblins
  12 jackals
  21 kobolds
  5 quokkas
  A frilled lizard (D:1)
  7 rats
  2 briar patches (Swamp:2)
  A lurking horror (Lair:1)
912 creatures vanquished.

Vanquished Creatures (collateral kills)
  2 two-headed ogres (D:14)
2 creatures vanquished.

Vanquished Creatures (others)
  A spriggan druid (Swamp:1)
  A swamp dragon (Swamp:4)
  A torpor snail (Lair:6)
  A kobold demonologist (D:14)
  2 bloated husks
  A hornet (Swamp:1)
  A slime creature (D:14)
  3 blink frogs (Lair:6)
  A spriggan (Swamp:1)
  2 yaks (Lair:6)
  A black bear (shapeshifter) (D:14)
  An orc wizard (Orc:2)
  An endoplasm (Lair:6)
  4 demonic plants (D:1)
  14 foxfires
  38 fungi
  60 plants
  4 toadstools (Swamp:1)
  2 withered plants (D:1)
139 creatures vanquished.

Grand Total: 1053 creatures vanquished

Notes
Turn   | Place    | Note
-------+----------+-------------------------------------------
     0 | D:1      | testman the Draconian Transmuter began the quest for the
                  | Orb.
     0 | D:1      | Reached XP level 1. HP: 16/16 MP: 3/3
   194 | D:1      | Found a faded altar of an unknown god.
   206 | D:1      | Prayed at the altar of an unknown god.
   206 | D:1      | Became a worshipper of Elyvilon the Healer
   206 | D:1      | Reached * piety under Elyvilon
   223 | D:1      | Reached XP level 2. HP: 15/24 MP: 3/5
   858 | D:1      | Learned a level 2 spell: Wereblood
  1034 | D:1      | Reached XP level 3. HP: 23/30 MP: 4/6
  1603 | D:2      | Reached ** piety under Elyvilon
  1670 | D:2      | Found Bedypp's Antique Armour Shoppe.
  1911 | D:2      | Found Wasel's Weapon Boutique.
  2066 | D:2      | Found Gadulo's Jewellery Emporium.
  2344 | D:3      | Reached XP level 4. HP: 38/38 MP: 7/7
  2756 | D:3      | Reached *** piety under Elyvilon
  2958 | D:4      | Reached XP level 5. HP: 35/46 MP: 6/8
  3127 | D:4      | Noticed an ice beast
  3144 | D:4      | Killed an ice beast
  3145 | D:4      | Reached skill level 5 in Unarmed Combat
  3244 | D:4      | Reached XP level 6. HP: 53/53 MP: 7/9
  3484 | D:4      | Reached skill level 5 in Fighting
  3752 | D:5      | Entered Level 5 of the Dungeon
  4120 | D:5      | Noticed a sky beast
  4127 | D:5      | Killed a sky beast
  4128 | D:5      | Your scales start taking on a lurid green colour.
  4128 | D:5      | Reached XP level 7. HP: 63/63 MP: 8/10
  4128 | D:5      | Gained mutation: Your system is resistant to poisons.
                  | (rPois) [Green Draconian growth]
  4132 | D:5      | Learned a level 3 spell: Spider Form
  4170 | D:5      | Found a staircase to the Ecumenical Temple.
  4176 | D:5      | Reached skill level 1 in Poison Magic
  4176 | D:5      | Reached skill level 1 in Invocations
  4218 | D:5      | Reached **** piety under Elyvilon
  4414 | D:6      | Reached skill level 3 in Transmutations
  4414 | D:6      | Reached XP level 8. HP: 50/70 MP: 8/11
  5341 | D:7      | Reached skill level 4 in Transmutations
  5514 | D:7      | Found a runed translucent gate.
  5515 | D:7      | Found a runed translucent gate.
  5515 | D:7      | Noticed jr88keys's ghost (novice MiFi)
  5762 | D:7      | Reached ***** piety under Elyvilon
  5904 | D:7      | Found a runed translucent gate.
  6219 | D:8      | Noticed a two-headed ogre
  6231 | D:8      | Killed a two-headed ogre
  6232 | D:8      | Reached skill level 5 in Poison Magic
  6232 | D:8      | Reached XP level 9. HP: 71/80 MP: 7/12
  6382 | D:8      | Found an opulent altar of Gozag.
  6521 | D:8      | Reached skill level 5 in Transmutations
  6603 | D:8      | Reached skill level 5 in Invocations
  6909 | D:8      | Noticed a two-headed ogre
  6926 | D:8      | Killed a two-headed ogre
  7327 | D:9      | Found a staircase to the Lair.
  7328 | D:9      | Noticed a komodo dragon
  7351 | D:9      | Killed a komodo dragon
  7352 | D:9      | Reached XP level 10. HP: 66/90 MP: 12/15
  7461 | D:9      | Reached skill level 6 in Transmutations
  7992 | D:9      | Noticed Erolcha
  8010 | D:9      | Killed Erolcha
  8024 | D:9      | Learned a level 4 spell: Olgreb's Toxic Radiance
  8146 | D:10     | Entered Level 10 of the Dungeon
  8377 | D:10     | Reached XP level 11. HP: 53/96 MP: 10/18
  8551 | D:10     | Reached skill level 5 in Spellcasting
  8551 | D:10     | Reached skill level 7 in Transmutations
  8825 | D:10     | Reached ****** piety under Elyvilon
  9462 | D:11     | Noticed a two-headed ogre
  9469 | D:11     | Killed a two-headed ogre
  9492 | D:11     | Noticed a boulder beetle
  9513 | D:11     | Killed a boulder beetle
  9514 | D:11     | Reached skill level 10 in Fighting
 10437 | D:12     | Noticed Fannar
 10453 | D:12     | Killed Fannar
 10510 | D:12     | Noticed a sixfirhy
 10651 | D:12     | Noticed a phantasmal warrior
 10657 | D:12     | Noticed robertstho's ghost (journeyman DjFE)
 10657 | D:12     | Noticed a white ugly thing
 10660 | D:12     | Found a transporter.
 10669 | D:12     | Found a transporter.
 10887 | D:12     | Found a staircase to the Orcish Mines.
 10904 | D:12     | Noticed a two-headed ogre
 10910 | D:12     | Reached skill level 10 in Unarmed Combat
 11137 | D:12     | Killed a two-headed ogre
 11138 | D:12     | Reached skill level 8 in Transmutations
 11263 | D:12     | Noticed a two-headed ogre
 11265 | D:12     | Found Fasealei's Magic Scroll Emporium.
 11273 | D:12     | Killed a two-headed ogre
 11274 | D:12     | Reached XP level 12. HP: 83/107 MP: 14/21
 11277 | D:12     | Bought a scroll of identify for 24 gold pieces
 11277 | D:12     | Bought a scroll of blinking for 90 gold pieces
 11277 | D:12     | Bought a scroll of teleportation for 36 gold pieces
 11712 | D:13     | Noticed a tengu warrior
 11741 | D:13     | Killed a tengu warrior
 11848 | D:13     | Found Itucrohu's Changing Room.
 11855 | D:13     | Noticed a centaur warrior
 11866 | D:13     | Killed a centaur warrior
 11896 | D:13     | Noticed Frances
 11925 | D:13     | Noticed a tengu warrior
 12021 | D:13     | Noticed a tengu warrior
 12048 | D:13     | Noticed Azrael
 12204 | D:13     | Noticed a centaur warrior
 12341 | Lair:1   | Entered Level 1 of the Lair of Beasts
 12476 | Lair:1   | Found a one-way gate to the infinite horrors of the Abyss.
 12476 | Lair:1   | Found a corrupted altar of Lugonu.
 12594 | Lair:1   | Found a transporter.
 12599 | Lair:1   | Noticed a five-headed hydra
 12600 | Lair:1   | Noticed knot's ghost (journeyman DsBe)
 13097 | Lair:1   | Found a transporter.
 13890 | Lair:2   | Noticed a catoblepas
 13904 | Lair:2   | Killed a catoblepas
 14134 | Lair:2   | Found a staircase to the Snake Pit.
 14354 | Lair:3   | Reached skill level 9 in Transmutations
 14453 | Lair:3   | Noticed a six-headed hydra
 14456 | Lair:3   | Pacified a six-headed hydra
 14465 | Lair:3   | Reached XP level 13. HP: 91/116 MP: 20/23
 14743 | Lair:3   | Found the +4 skin of Zhor {*Englaciate rC+++ SInv}
 15116 | Lair:3   | Reached skill level 10 in Poison Magic
 15546 | Lair:4   | Found a staircase to the Swamp.
 15600 | Lair:4   | Reached skill level 1 in Evocations
 15640 | Lair:4   | Reached skill level 10 in Invocations
 16239 | Lair:5   | Identified a scroll of acquirement
 16240 | Lair:5   | Acquired the +2 pair of boots "Hero's Friend" {rC+ SInv
                  | Stlth-}
 16503 | Lair:5   | Reached skill level 5 in Dodging
 16950 | Lair:5   | Noticed Urug
 16964 | Lair:5   | Killed Urug
 17175 | Lair:6   | Entered Level 6 of the Lair of Beasts
 17331 | Lair:6   | Reached skill level 10 in Transmutations
 17347 | Lair:6   | Got Kam Ohar's Volume of Earth and Intoxication
 17355 | Lair:6   | Learned a level 6 spell: Statue Form
 17374 | Lair:6   | Reached skill level 1 in Earth Magic
 17374 | Lair:6   | Gained mutation: Your tail ends in a venomous barb. [Green
                  | Draconian growth]
 17374 | Lair:6   | Reached XP level 14. HP: 79/126 MP: 26/26
 17630 | Lair:6   | Found a dark tunnel.
 17644 | Volcano  | Entered a volcano
 17734 | Volcano  | Found a radiant altar of Vehumet.
 17899 | Volcano  | Reached skill level 5 in Earth Magic
 18572 | Lair:6   | Found a staircase to the Slime Pits.
 18794 | Lair:6   | Noticed Nessos
 18814 | Lair:6   | Killed Nessos
 19600 | D:7      | Killed jr88keys's ghost
 19824 | D:12     | Killed robertstho's ghost
 19829 | D:12     | Reached skill level 10 in Earth Magic
 19967 | D:13     | Killed Azrael
 20209 | D:13     | Noticed Rupert
 20261 | D:13     | Paralysed by Rupert for 6 turns
 20273 | D:13     | Gained mutation: Your body sometimes deteriorates upon
                  | taking damage. [a neqoxec]
 20274 | D:13     | Gained mutation: You are frail. (-10% HP) [a neqoxec]
 20275 | D:13     | HP: 9/187 [Rupert (19)]
 20275 | D:13     | Elyvilon protects you from harm!
 20399 | D:13     | Killed Frances
 20440 | D:13     | Paralysed by Rupert for 2 turns
 20444 | D:13     | Paralysed by Rupert for 2 turns
 20451 | D:13     | Paralysed by Rupert for 5 turns
 20462 | D:13     | Killed Rupert
 20535 | D:13     | Bought a book of Transfigurations for 560 gold pieces
 20543 | D:13     | Learned a level 7 spell: Dragon Form
 20747 | D:14     | Found a gate to the Vaults.
 20754 | D:14     | Reached XP level 15. HP: 115/119 MP: 21/27
 21039 | D:14     | Found a stormy altar of Qazlal.
 21066 | D:14     | Noticed Kirke
 21091 | D:14     | Noticed a sphinx
 21275 | D:13     | Killed Kirke
 21276 | D:13     | Reached skill level 11 in Transmutations
 21318 | D:14     | Noticed Roxanne
 21417 | D:14     | Found a runed translucent door.
 21443 | D:14     | Found a runed translucent door.
 21456 | D:14     | Found a runed translucent door.
 21465 | D:14     | Found a runed translucent door.
 21816 | D:14     | Reached skill level 1 in Shields
 22113 | D:14     | Gained mutation: You are very frail. (-20% HP) [mutagenic
                  | glow]
 22315 | D:14     | Killed Roxanne
 22324 | D:14     | Learned a level 5 spell: Lee's Rapid Deconstruction
 22406 | D:15     | Entered Level 15 of the Dungeon
 22416 | D:15     | Reached skill level 12 in Transmutations
 22629 | D:15     | Found a staircase to the Depths.
 23543 | D:14     | Reached skill level 13 in Transmutations
 24225 | Swamp:1  | Entered Level 1 of the Swamp
 24364 | Orc:1    | Entered Level 1 of the Orcish Mines
 24468 | Orc:1    | Found Hisobl Lewi's General Store.
 24538 | Orc:1    | Noticed Harold
 24556 | Orc:1    | Killed Harold
 24855 | Orc:2    | Entered Level 2 of the Orcish Mines
 24932 | Orc:2    | Found a shimmering blue altar of Sif Muna.
 24972 | Orc:2    | Found a staircase to the Elven Halls.
 25027 | Orc:2    | Reached skill level 14 in Transmutations
 25569 | Orc:2    | Found Nibaf's Distillery.
 25569 | Orc:2    | Found Ustrapha's Weapon Shoppe.
 25573 | Orc:2    | Reached XP level 16. HP: 111/111 MP: 18/28
 25573 | Orc:2    | Found Ruzigg's Book Boutique.
 25573 | Orc:2    | Found Tuiviylo's Jewellery Shoppe.
 25623 | Orc:2    | Bought a Trismegistus Codex for 280 gold pieces
 25627 | Orc:2    | Learned a level 3 spell: Ignite Poison
 26279 | Orc:2    | Bought a potion of haste for 140 gold pieces
 26279 | Orc:2    | Bought a potion of curing for 42 gold pieces
 26279 | Orc:2    | Bought a potion of heal wounds for 70 gold pieces
 26279 | Orc:2    | Bought a potion of invisibility for 112 gold pieces
 26279 | Orc:2    | Bought 2 potions of brilliance for 112 gold pieces
 26326 | Orc:1    | Bought a potion of cancellation for 112 gold pieces
 26326 | Orc:1    | Bought a potion of magic for 112 gold pieces
 26546 | Swamp:1  | Reached skill level 15 in Transmutations
 26736 | Swamp:1  | Noticed a thorn hunter
 26758 | Swamp:1  | Killed a thorn hunter
 27002 | Swamp:1  | Noticed a thorn hunter
 27008 | Swamp:1  | Killed a thorn hunter
 27169 | Swamp:1  | Noticed a thorn hunter
 27177 | Swamp:1  | Killed a thorn hunter
 27461 | Swamp:2  | Noticed a thorn hunter
 27473 | Swamp:2  | Killed a thorn hunter
 27551 | Swamp:2  | Reached skill level 16 in Transmutations
 28696 | Swamp:3  | Reached skill level 17 in Transmutations
 28697 | Swamp:3  | Lost mutation: Your body sometimes deteriorates upon taking
                  | damage. [potion of mutation]
 28697 | Swamp:3  | Lost mutation: You are very frail. (-20% HP) [potion of
                  | mutation]
 28697 | Swamp:3  | Gained mutation: Your flesh is cold resistant. (rC+)
                  | [potion of mutation]
 28697 | Swamp:3  | Gained mutation: You have a pair of small horns on your
                  | head. [potion of mutation]
 29725 | Swamp:3  | Reached skill level 18 in Transmutations
 29964 | Swamp:4  | Entered Level 4 of the Swamp
 30082 | Swamp:4  | Noticed Mlioglotl
 30083 | Swamp:4  | Noticed Donald
 30091 | Swamp:4  | Noticed a thorn hunter
 30184 | Swamp:3  | Upgraded the game from 0.29-a0-40-g8eb35efe60 to
                  | 0.29-a0-43-g62a80824bf
 30186 | Swamp:4  | Noticed Aizul
 30420 | Swamp:4  | Reached XP level 17. HP: 131/131 MP: 23/29
 30566 | Swamp:4  | Reached skill level 19 in Transmutations
 30583 | Swamp:4  | Killed Mlioglotl
 30604 | Swamp:4  | Killed Donald
 30973 | Swamp:4  | Killed Aizul
 31265 | Swamp:4  | Got a decaying rune of Zot
 31397 | Snake:1  | Entered Level 1 of the Snake Pit
 31515 | Snake:1  | Identified the +1 ring mail of the Ecumenical Temple
                  | {+Blink Dex+3}
 31773 | Snake:1  | Reached skill level 20 in Transmutations
 32558 | Snake:2  | Found Faquy's Weapon Shop.
 32560 | Snake:2  | Found Uxzolub's Weapon Boutique.
 32563 | Snake:2  | Found Yrchirgh's Jewellery Shop.
 32579 | Snake:2  | Found a frozen archway.
 32600 | IceCv    | Entered an ice cave
 33201 | IceCv    | Reached skill level 21 in Transmutations
 33343 | IceCv    | Found a viscous altar of Jiyva.
 33365 | IceCv    | Identified the amulet of Hawnomech {Spirit rElec rN+}
 33383 | IceCv    | Got the ring of Ciol {+Blink rC+ Str-3 Int-4 SInv}
 33385 | IceCv    | Got the ring "Ykhlemod" {rC+ rCorr Dex-2 Slay+5}
 33389 | IceCv    | Acquired the ring of Dithmenos's Generosity {MP+9 Dex+3}
 34504 | Snake:2  | Noticed Nikola
 35409 | Snake:3  | Noticed Jorgrun
 35429 | Snake:3  | Elyvilon protects you from harm!
 35450 | Snake:3  | HP: 11/250 [Jorgrun (10)]
 35450 | Snake:3  | Elyvilon protects you from harm!
 35451 | Snake:3  | Elyvilon protects you from harm!
 35451 | Snake:3  | Slain by Jorgrun

Illustrated notes

Levels and vault maps discovered:
D:1:      minmay_arrival_up_and_down, layout_basic, shapermc_ecumenical_altar_gd
D:2:      layout_loops_cross, serial_glass, glass_columns_c, glass_columns_b,
          serial_shops, nicolae_diamond_shop, nicolae_shop_bloodbath_and_beyond,
          shop
D:3:      layout_basic
D:4:      layout_loops_ring, minmay_misc_feat_roman, minivault_14
D:5:      layout_loops_cross, minmay_temple_entry_statues_pillars
D:6:      layout_loops_ring
D:7:      layout_loops_corners, gammafunk_ghost_split
D:8:      layout_basic, mainiacjoe_overflow_brackets
D:9:      layout_irregular_city, david_lair_shrubbed, uniq_erolcha
D:10:     layout_long_grid, minmay_misc_feat_iff
D:11:     layout_stronghold
D:12:     layout_loops_ring, orc_0_dummy, serial_shops, shop, serial_rivers,
          chequers_serial_rivers_small_b, chequers_serial_rivers_micro_e,
          chequers_serial_rivers_small_3, chequers_serial_rivers_small_3,
          gammafunk_ghost_arena, uniq_fannar
D:13:     layout_basic, nicolae_transmutations_shop, uniq_rupert, uniq_frances,
          uniq_azrael
D:14:     minmay_isolated_rectangles_in_corner, layout_irregular_city,
          erik_vaults_1, nicolae_qazlal_eye_of_the_storm,
          hangedman_decor_riveting, minmay_statue_crystal_thing, uniq_kirke,
          uniq_roxanne
D:15:     grunt_enter_depths_hoard, layout_basic, special_room
          [special_room_orc], hangedman_abyss_or_decor_clamps
Lair:1:   layout_roguey, nzn_ghost_randoct, amcnicky_altar_lugonu_corruption
Lair:2:   layout_roguey, dummy_snake_entry, grunt_forest_small_clearings
Lair:3:   layout_long_grid, hellmonk_guarded_unrand_zhor
Lair:4:   layout_roguey, minmay_swamp_entry_wisps
Lair:5:   layout_misc_corridors, lookout_lair_type, uniq_urug
Lair:6:   guppyfry_lair_end_dragon, layout_loops_ring,
          nicolae_slime_entry_slimehenge, nicolae_volcano_entry_two_sided,
          minmay_stone_trees_small, amcnicky_mini_pool_medium, uniq_nessos
Swamp:1:  cheibrodos_swamp_tower_of_moss, layout_basic_swamp,
          evilmike_swamp_ruin_house_1, infiniplex_staircase_pool
Swamp:2:  cheibrodos_swamp_heart_of_darkness, layout_basic_swamp,
          hangedman_swamp_ruin_hall
Swamp:3:  layout_basic_swamp, hangedman_swamp_ruin_wall,
          cheibrodos_swamp_witchery
Swamp:4:  swamp, layout_basic_swamp, uniq_mlioglotl, uniq_aizul, uniq_donald
Snake:1:  layout_onion, serial_bayou_shore_b, grunt_megastairs_3
Snake:2:  layout_onion, portal_ice_cave_entry_pillars_1, grunt_ministairs_2,
          minmay_shop_star, uniq_nikola
Snake:3:  layout_gridlike, uniq_jorgrun
Orc:1:    layout_diamond_mine, basic_altar, serial_shops, nicolae_square_shop,
          uniq_harold
Orc:2:    grunt_orc_tribal_feast, layout_caves, kennysheep_orc_sif_temple

Skill      XL: |  1  2  3  4  5  6  7  8  9 10 11 12 13 14 15 16 17 |
---------------+----------------------------------------------------+-----
Fighting       | 2 3 4 6 7 8 9 10 11 12 | 12.3
Unarmed Combat | 4 5 6 7 8 9 10 11 | 11.7
Poison Magic   | 2 5 6 8 9 10 | 10.0
Invocations    | 2 4 5 7 8 9 10 | 10.7
Transmutations | 3 4 5 6 8 9 10 14 18 21 | 21.5
Spellcasting   | 3 4 6 7 8 |  8.1
Dodging        | 3 5 |  5.6
Evocations     | 3 |  3.6
Earth Magic    | 1 10 | 10.6
Shields        | 4 |  4.0

Action                   |  1- 3 |  4- 6 |  7- 9 | 10-12 | 13-15 | 16-18 || total
-------------------------+-------+-------+-------+-------+-------+-------++-------
Melee: Unarmed           |   125 |   157 |   239 |   473 |  1178 |   575 ||  2747
       Kick              |    25 |    25 |    53 |    78 |     5 |       ||   186
       Tailslap          |    13 |    16 |    17 |    51 |   232 |    93 ||   422
       Headbutt          |     6 |    21 |    28 |    66 |     2 |    21 ||   144
       Punch             |     2 |     8 |     6 |    14 |   101 |    23 ||   154
       Bite              |       |       |       |       |    10 |    41 ||    51
Throw: Javelin           |       |       |       |       |     1 |       ||     1
 Cast: Beastly Appendage |    29 |    23 |    21 |    29 |       |       ||   102
       Wereblood         |     2 |     2 |     7 |    12 |    20 |    10 ||    53
       Spider Form       |       |       |    14 |    29 |     2 |       ||    45
       Olgreb's Toxic Ra |       |       |       |    29 |    77 |    31 ||   137
       Statue Form       |       |       |       |       |    39 |    22 ||    61
       Lee's Rapid Decon |       |       |       |       |    20 |    18 ||    38
       Dragon Form       |       |       |       |       |     6 |    52 ||    58
       Ignite Poison     |       |       |       |       |       |    52 ||    52
Invok: Heal Self         |       |       |       |     7 |     6 |     4 ||    17
       Heal Other        |       |       |       |     1 |     7 |     1 ||     9
       Divine Vigour     |       |       |       |       |     3 |     2 ||     5
 Abil: Breathe Noxious F |       |       |     6 |    35 |    50 |    49 ||   140
       End Transformatio |       |       |       |     1 |       |     4 ||     5
Evoke: Wand              |       |       |       |       |     1 |     3 ||     4
       Lightning rod     |       |       |       |       |     1 |       ||     1
       Phial of floods   |       |       |       |       |     1 |       ||     1
       Box of beasts     |       |       |       |       |       |     1 ||     1
  Use: Scroll            |       |       |       |    23 |    21 |     7 ||    51
       Potion            |       |       |       |       |     3 |     6 ||     9
 Stab: Sleeping          |     1 |     3 |       |       |       |       ||     4
       Confused          |       |       |     2 |    30 |    22 |     1 ||    55
Armor: Skin              |    33 |    32 |    40 |    90 |   554 |   429 ||  1178
Dodge: Dodged            |    72 |    72 |   137 |   315 |   993 |   460 ||  2049
Block: Other             |       |    15 |       |       |       |       ||    15
       Reflection        |       |     1 |       |       |       |       ||     1
       Buckler           |       |       |       |       |   101 |   155 ||   256

Table legend: (Time is in decaauts)
 A = Elapsed time spent in this place.
 B = Non-inter-level travel time spent in this place.
 C = Inter-level travel time spent in this place.
 D = Time resting spent in this place.
 E = Time spent auto-exploring this place.
 F = Levels seen in this place.
 G = Mean time per level.
                   A        B        C        D        E       F      G
               +--------+--------+--------+--------+--------+-----+--------+
         Total |  36604 |  34584 |   2020 |   6851 |  19439 |  32 | 1143.9 |
       Dungeon |  17561 |  16369 |   1192 |   2669 |  10190 |  15 | 1170.7 |
          Lair |   6858 |   6332 |    526 |    977 |   3622 |   6 | 1143.0 |
         Swamp |   5463 |   5289 |    174 |   1604 |   2517 |   4 | 1365.8 |
     Snake Pit |   3032 |   2974 |     58 |    654 |   1819 |   3 | 1010.7 |
  Orcish Mines |   2212 |   2143 |     69 |    407 |   1087 |   2 | 1106.0 |
      Ice Cave |    896 |    896 |      0 |    479 |      1 |   1 |  896.0 |
       Volcano |    580 |    580 |      0 |     59 |    202 |   1 |  580.0 |
               +--------+--------+--------+--------+--------+-----+--------+

Top non-repeatable levels by time:
    D:14: 1949 daAuts
 Swamp:2: 1734 daAuts
 Swamp:3: 1634 daAuts
 Snake:2: 1634 daAuts
    D:13: 1584 daAuts
  Lair:6: 1543 daAuts
    D:11: 1526 daAuts
    D:12: 1521 daAuts
   Orc:2: 1513 daAuts
     D:1: 1450 daAuts
    D:15: 1431 daAuts
     D:7: 1275 daAuts
  Lair:1: 1258 daAuts
    D:10: 1215 daAuts
  Lair:5: 1205 daAuts
